 Dungeon Crawl Stone Soup version 0.18.1-50-g88ac8fd (webtiles) character file.

49 Gorglomux the Ruffian (level 3, -2/33 HPs)
             Began as a Ghoul Monk on Oct 29, 2016.
             Was a Believer of Makhleb.
             Slain by a kobold (3 damage)
             ... on level 3 of the Dungeon.
             The game lasted 00:02:31 (1231 turns).

Gorglomux the Ruffian (Ghoul Monk)                  Turns: 1231, Time: 00:02:31

Health: -2/33      AC:  2    Str: 15    XL:     3   Next: 75%
Magic:  2/2        EV: 12    Int:  5    God:    Makhleb [**....]
Gold:   63         SH:  0    Dex: 11    Spells: 0 memorised, 2 levels left

rFire  . . .     SeeInvis .       - Unarmed
rCold  + + .     Gourm    .     a - +0 robe
rNeg   + + +     Faith    .     (no shield)
rPois  ∞         Spirit   .     (no helmet)
rElec  .         Dismiss  .     (no cloak)
rCorr  .         Reflect  .     (no gloves)
SustAt .         Harm     .     (no boots)
MR     .....                    (no amulet)
Stlth  ++........               (no ring)
                                e - ring of protection from cold

@: rotting, not resistant to hostile enchantments, unstealthy
A: rotting body, claws 1, carnivore 3, cold resistance 1, negative energy
resistance 3, slow regeneration 1, torment resistance, unbreathing
a: Minor Destruction, Renounce Religion


You were on level 3 of the Dungeon.
You worshipped Makhleb.
Makhleb was pleased with you.
You were not hungry.

You visited 1 branch of the dungeon, and saw 3 of its levels.

You collected 63 gold pieces.

Inventory:

Armour
 a - a +0 robe (worn)
Jewellery
 e - a ring of protection from cold (left claw)
 g - an uncursed ring of stealth {unknown}
 j - an uncursed ring of poison resistance {unknown}
Scrolls
 d - a scroll of enchant armour {unknown}
 i - a scroll of identify {unknown}
 k - a scroll of blinking {unknown}
 m - a scroll of immolation {unknown}
 n - a scroll of amnesia {unknown}
Potions
 h - 2 potions of curing {unknown}
 l - a potion of cancellation {unknown}
 o - a potion of magic {unknown}
Comestibles
 b - 3 meat rations
 c - 3 chunks of flesh
 f - 2 beef jerkies


   Skills:
 - Level 4.0 Fighting
 - Level 2.6 Dodging
 - Level 2.1 Stealth
 + Level 5.4 Unarmed Combat


You had 2 spell levels left.
You didn't know any spells.

Dungeon Overview and Level Annotations

Branches:
Dungeon (3/15)

Altars:
Makhleb
Zin

Annotations:
D:3 Sigmund


Innate Abilities, Weirdness & Mutations

Your body is rotting away.
You thrive on raw meat.
You are immune to poison.
You have sharp fingernails.
You are carnivorous and can eat meat at any time.
Your flesh is cold resistant.
You are immune to negative energy.
You regenerate slowly when monsters are visible.
You are immune to unholy pain and torment.
You can survive without breathing.


Message History

Something completely misses you.
You closely miss something.
You hear some strange, mumbled words.
The orc closely misses you.
You closely miss something. Something hits you.
* * * LOW HITPOINT WARNING * * *
The orc completely misses you. The kobold hits you.
* * * LOW HITPOINT WARNING * * *
Eat one of 4 chunks of flesh? (ye/n/q/i?) This raw flesh tastes great!
Something hits you.
* * * LOW HITPOINT WARNING * * *
The orc closely misses you. The kobold closely misses you. Something hits you.
* * * LOW HITPOINT WARNING * * *
You continue eating.
An orc wizard appears from thin air!
Reactivating autopickup.
The orc wizard hits you with a dagger.
* * * LOW HITPOINT WARNING * * *
The kobold hits you.
You die...

... ###
.o.... ..#
oo...##.#
####.......#
....... ...#
r...... )>#
.##....###.#
........Koo#
####...#@(#
#%..#.)#
#.#.#..#
#.#....# #
###.## #.#
#.. #.# #.


You could see an orc wizard, an orc and a kobold.

Vanquished Creatures
  A dart slug (D:1)
  3 giant geckos
  4 orcs (D:3)
  A giant cockroach (D:1)
  5 goblins
  4 hobgoblins
  3 kobolds
  A ball python (D:1)
  7 bats
  A giant newt (D:2)
  7 rats
37 creatures vanquished.

Notes
Turn   | Place    | Note
--------------------------------------------------------------
     0 | D:1      | Gorglomux the Ghoul Monk began the quest for the Orb.
     0 | D:1      | Reached XP level 1. HP: 19/19 MP: 0/0
   178 | D:1      | Reached XP level 2. HP: 16/26 MP: 1/1
   220 | D:1      | Reached skill level 5 in Unarmed Combat
   436 | D:1      | Reached XP level 3. HP: 30/33 MP: 2/2
   945 | D:2      | Found a burning altar of Makhleb.
   947 | D:2      | Found a glowing silver altar of Zin.
   947 | D:2      | Noticed a balrug
   947 | D:2      | Noticed an angel
   957 | D:2      | Became a worshipper of Makhleb the Destroyer
   957 | D:2      | Reached * piety under Makhleb
   957 | D:2      | Reached ** piety under Makhleb
  1152 | D:3      | Noticed Sigmund
  1231 | D:3      | HP: 1/33 [orc wizard/dagger (4)]
  1231 | D:3      | Slain by a kobold

Skill      XL: |  1  2  3 |
---------------+----------+-----
Unarmed Combat | 5 |  5.4
Fighting       | 4 |  4.0
Dodging        | |  2.6
Stealth        | |  2.1

Action                   || total
-------------------------++-------
Melee: Unarmed           ||    85
       Punch             ||     2
 Stab: Sleeping          ||     4
  Eat: Chunk             ||     6
Armor: Robe              ||    16
Dodge: Dodged            ||    60
